 Dungeon Crawl Stone Soup version 0.29.1-15-g9cfb28693d (webtiles) character file.

Game seed: 9632015048835766414

1978 protoss039 the Digger (level 9, 68/68 HPs)
             Began as a Demonspawn Earth Elementalist on Mar 2, 2023.
             Got out of the dungeon alive.
             The game lasted 00:09:08 (7574 turns).

protoss039 the Digger (DsEE)                        Turns: 7574, Time: 00:09:09

Health: 68/68      AC:  7    Str:  9    XL:     9   Next: 1%
Magic:  17/17      EV: 10    Int: 21    God:
Gold:   287        SH:  8    Dex: 13    Spells: 13/19 levels left

rFire   . . .      SeeInvis +   m - +6 dagger (venom)
rCold   . . .      Faith    .   z - +0 buckler
rNeg    . . .      Spirit   .   o - +0 ring mail
rPois   .          Reflect  .   (helmet restricted)
rElec   .          Harm     .   (no cloak)
rCorr   .          Rampage  .   (no gloves)
Will    +....                   b - +1 pair of boots
Stlth   +.........              (no amulet)
HPRegen 0.21/turn               h - ring of see invisible
MPRegen 0.15/turn               f - ring of willpower

@: no status effects
A: antennae 1, powered by pain 2, sturdy frame 1, condensation shield
a: no special abilities


You escaped.
You visited 2 branches of the dungeon, and saw 8 of its levels.

You collected 354 gold pieces.
You spent 67 gold pieces at shops.

Inventory:

Hand Weapons
 m - a +6 dagger of venom (weapon)
Armour
 b - a +1 pair of boots (worn)
 o - a +0 ring mail (worn)
 z - a +0 buckler (worn)
Jewellery
 f - a ring of willpower (right hand)
 h - a ring of see invisible (left hand)
 l - a ring of protection from fire
 B - a ring of resist corrosion
 D - a ring of wizardry
 F - a ring of magical power
Wands
 s - a wand of paralysis (3)
 C - a wand of flame (20)
 E - a wand of iceblast (11)
Scrolls
 d - a scroll of poison {unknown}
 e - 2 scrolls of identify
 g - 3 scrolls of teleportation
 k - 2 scrolls of summoning {unknown}
 n - 3 scrolls of fear
 q - a scroll of vulnerability {unknown}
 r - 3 scrolls of brand weapon {unknown}
 u - 3 scrolls of amnesia {unknown}
 v - 2 scrolls of noise {unknown}
 y - a scroll of enchant armour {unknown}
 A - 2 scrolls of blinking {unknown}
Potions
 a - 4 potions of curing
 c - a potion of mutation {unknown}
 i - 2 potions of degeneration {unknown}
 j - 4 potions of lignification
 p - 3 potions of haste {unknown}
 t - 4 potions of flight
 w - a potion of might {unknown}
 x - 3 potions of heal wounds


   Skills:
 + Level 5.5 Fighting
 + Level 2.9 Armour
 - Level 1.7 Dodging
 - Level 1.7 Stealth
 - Level 3.0 Shields
 + Level 5.6 Spellcasting
 + Level 3.1 Conjurations
 - Level 0.8 Transmutations
 + Level 5.9 Earth Magic


You had 13 spell levels left.
You knew the following spells:

 Your Spells              Type           Power      Damage    Failure   Level
a - Sandblast             Erth           60%        2d14      1%          1
b - Passwall              Tmut/Erth      16%        N/A       9%          2
c - Stone Arrow           Conj/Erth      50%        3d10      10%         3

Your spell library contained the following spells:

 Spells                   Type           Power      Damage    Failure   Level
 Static Discharge         Conj/Air       12%        3-5/arc   17%         2
 Apportation              Tloc           10%        N/A       22%         1
 Necrotise                Necr           20%        1d5       22%         1
 Summon Small Mammal      Summ           20%        N/A       22%         1
 Petrify                  Tmut/Erth      20%        N/A       47%         4
 Frozen Ramparts          Ice            10%        1d2       54%         3
 Summon Guardian Golem    Hex/Summ       5%         N/A       54%         3
 Tukima's Dance           Hex            5%         N/A       54%         3
 Ice Form                 Ice/Tmut       7%         N/A       87%         4
 Passage of Golubria      Tloc           5%         N/A       91%         4
 Summon Ice Beast         Ice/Summ       5%         N/A       91%         4
 Lightning Bolt           Conj/Air       6%         1d18      97%         5
 Yara's Violent Unravell  Hex/Tmut       3%         3d4       99%         5
 Orb of Destruction       Conj           9%         9d6       100%        7
 Spellforged Servitor     Conj/Summ      6%         N/A       100%        7
 Maxwell's Capacitive Co  Air            2%         ∞         100%        8


Dungeon Overview and Level Annotations

Branches:
Dungeon (7/15) Zot: 25564  Temple (1/1) D:5 Zot: 5717

Altars:
Ashenzari
Cheibriados
Dithmenos
Fedhas
Gozag
Hepliaklqana
Makhleb
Nemelex Xobeh
Okawaru
Qazlal
Ru
Sif Muna
Trog
Uskayaw
Wu Jian
Xom
Yredelemnul

Shops:
D:3 **([*


Innate Abilities, Weirdness & Mutations

You have a pair of small antennae on your head.
You sometimes gain power by taking damage.
Your movements are slightly less encumbered by armour. (ER -2)
A meltable shield of frost defends you. (SH +4)


Message History

A ball python is nearby!
The ball python bites you but does no damage.
The ball python barely misses you.
A ball python is nearby!
You hit the ball python.
The ball python is moderately wounded.
The ball python barely misses you. The ball python grabs you.
The ball python constricts you.
A ball python is nearby!
You puncture the ball python!
You kill the ball python!
You see here a ball python corpse.
Key pressed, stopping explore.
No target in view!
Key pressed, stopping explore.
No target in view!
Key pressed, stopping explore.
No target in view!
Key pressed, stopping explore.
You hit the giant cockroach.
The giant cockroach is poisoned.
The giant cockroach is moderately wounded.
The giant cockroach closely misses you.
You hit the giant cockroach.
You kill the giant cockroach!
No target in view!
No target in view!
No target in view!
No target in view!
No target in view!
No target in view!
No target in view!
No target in view!
You see here a giant cockroach corpse.
There is an open door here.
There is a fountain of clear blue water here.
There is an open door here.
There is an open door here.
There is a staircase leading out of the dungeon here.
Are you sure you want to leave the Dungeon?
This will make you lose the game!
You have escaped!

.# #.#.# .## #####.## ###
..###.###..######## #####.#
...##........##...###.....#
....##...................##
###....#.....[#####.......#
..####.....####...####....#
.....###'###.........###.##
⌠......'.'......@......#..#
.....###'###.........###..#
..####.....####...####....#
###.....###...#####....####
.....##...##..........##
.###############....### ##
######


There were no monsters in sight!

Vanquished Creatures
  A troll (D:7)
  3 water moccasins
  An ice beast (D:6)
  2 sky beasts
  A black bear (D:6)
  2 ogres
  A necrophage (D:6)
  2 bullfrogs
  A howler monkey (D:6)
  4 hounds
  3 orc priests
  3 iguanas
  7 orc wizards
  The ghost of yegreS the Digger, a weakling MeEE (D:3)
  7 adders
  3 ufetubi
  A worm (D:2)
  2 dart slugs
  25 orcs
  6 ball pythons
  2 endoplasms
  A giant cockroach (D:1)
  9 goblins
  9 hobgoblins
  2 jackals (D:4)
  4 quokkas
  7 bats
  3 frilled lizards
  3 kobolds
  4 rats
120 creatures vanquished.

Vanquished Creatures (others)
  A fungus (D:3)
  A plant (D:1)
2 creatures vanquished.

Grand Total: 122 creatures vanquished

Notes
Turn   | Place    | Note
-------+----------+-------------------------------------------
     0 | D:1      | protoss039 the Demonspawn Earth Elementalist began the
                  | quest for the Orb.
     0 | D:1      | Reached XP level 1. HP: 13/13 MP: 3/3
   327 | D:1      | Gained mutation: Your movements are slightly less
                  | encumbered by armour. (ER -2) [demonic ancestry]
   327 | D:1      | Reached XP level 2. HP: 20/20 MP: 1/5
   479 | D:1      | Reached skill level 1 in Fighting
   666 | D:1      | Found a faded altar of an unknown god.
  1073 | D:2      | Gained mutation: You sometimes gain a little power by
                  | taking damage. [demonic ancestry]
  1073 | D:2      | Reached XP level 3. HP: 26/26 MP: 4/6
  1734 | D:2      | Learned a level 2 spell: Passwall
  1740 | D:3      | Found a runed translucent door.
  1746 | D:3      | Noticed yegreS's ghost (weakling MeEE)
  1812 | D:3      | Found a shadowy altar of Dithmenos.
  1828 | D:3      | Found Meag's Armour Shoppe.
  1870 | D:3      | Reached XP level 4. HP: 21/33 MP: 8/8
  2048 | D:3      | Found Caemamed's Assorted Antiques.
  2056 | D:3      | Bought a scroll labelled UVUAMP NUZIJUM for 26 gold pieces
  2133 | D:3      | Found a shimmering blue altar of Sif Muna.
  2224 | D:3      | Found Zoes's Assorted Antiques.
  2229 | D:3      | Bought a fizzy brown potion for 14 gold pieces
  2490 | D:3      | Found a broken altar of Ashenzari.
  2629 | D:3      | Found Boneo's Antique Weapon Shoppe.
  2674 | D:3      | Found Potsyr's Assorted Antiques.
  2717 | D:3      | Bought a scroll labelled OMILUD DESU for 27 gold pieces
  2948 | D:3      | Gained mutation: You have a pair of small antennae on your
                  | head. [demonic ancestry]
  2948 | D:3      | Reached XP level 5. HP: 38/39 MP: 9/9
  3039 | D:3      | Killed yegreS's ghost
  3200 | D:4      | Noticed an ogre
  3211 | D:4      | Killed an ogre
  3212 | D:4      | Reached XP level 6. HP: 39/47 MP: 11/11
  3489 | D:4      | Found an opulent altar of Gozag.
  3735 | D:4      | You fall into a shaft and drop 1 floor!
  3735 | D:5      | Entered Level 5 of the Dungeon
  3784 | D:5      | Found a staircase to the Ecumenical Temple.
  3811 | Temple   | Entered the Ecumenical Temple
  4111 | D:5      | Found a hide-covered altar of Uskayaw.
  4182 | D:5      | Noticed a water moccasin
  4190 | D:5      | Killed a water moccasin
  4191 | D:5      | Gained mutation: You sometimes gain power by taking damage.
                  | [demonic ancestry]
  4191 | D:5      | Reached XP level 7. HP: 54/54 MP: 13/13
  4259 | D:5      | Found a bloodstained altar of Trog.
  4260 | D:5      | Found an ornate altar of the Wu Jian Council.
  4595 | D:5      | Found a hazy altar of Hepliaklqana.
  4761 | D:5      | Found an iron altar of Okawaru.
  4816 | D:5      | Learned a level 3 spell: Stone Arrow
  4830 | D:6      | Reached skill level 5 in Earth Magic
  5105 | D:6      | Found a blossoming altar of Fedhas.
  5118 | D:6      | Reached skill level 1 in Armour
  5118 | D:6      | Reached skill level 1 in Conjurations
  5425 | D:6      | Reached skill level 5 in Spellcasting
  5425 | D:6      | Reached XP level 8. HP: 61/61 MP: 15/15
  5447 | D:6      | Reached skill level 1 in Shields
  5715 | D:6      | Reached skill level 5 in Fighting
  6816 | D:7      | Noticed a troll
  6825 | D:7      | Killed a troll
  7045 | D:7      | Gained mutation: A meltable shield of frost defends you.
                  | (SH +4) [demonic ancestry]
  7045 | D:7      | Reached XP level 9. HP: 58/68 MP: 17/17
  7574 | D:$      | Got out of the dungeon alive.

Illustrated notes

Levels and vault maps discovered:
D:1:      elethiomel_arrival_infinity_welcomes_careful_drivers,
          layout_loops_ring, hellmonk_ecumenical_altar_crossroads,
          serial_forest, infiniplex_forest_lined_3_way,
          infiniplex_forest_lined_corner, infiniplex_forest_corner_1,
          infiniplex_forest_end_3, infiniplex_forest_lined_2,
          infiniplex_forest_end_3
D:2:      layout_basic
D:3:      layout_basic, mainiacjoe_overflow_small_starburst,
          grunt_dithmenos_smoke_and_mirrors, evilmike_ruin_ashenzari,
          mainiacjoe_overflow_alcove_4, ebering_ghost_sewer_d, serial_shops,
          shop, shop, nicolae_shop_crystal, nicolae_shop_hallway_plus,
          nicolae_shop_waterfront
D:4:      layout_loops_ring, nicolae_gozag_seed_capital,
          nicolae_shop_sticking_my_neck_out
D:5:      layout_loops_ring, lemuel_doored_altar, tso_oasis_becter,
          kennysheep_little_box, nicolae_hepliaklqana_hazy_memory,
          gammafunk_temple_overflow_statue, minmay_temple_entry_water_ring
D:6:      layout_loops_ring, nicolae_overflow_crystal_walls
D:7:      statuecave_lemuel, layout_cave_pools, lemuel_tele_altar,
          minmay_misc_feat_doors
Temple:   nicolae_temple_two_arcs

Skill      XL: |  1  2  3  4  5  6  7  8 |
---------------+-------------------------+-----
Fighting       | 1 2 3 4 5 |  5.5
Earth Magic    | 3 4 5 |  5.9
Spellcasting   | 3 4 5 |  5.6
Armour         | 1 2 |  2.9
Conjurations   | 1 3 |  3.1
Shields        | 3 |  3.0
Dodging        | |  1.7
Stealth        | |  1.7
Transmutations | |  0.8

Action                   |  1- 3 |  4- 6 |  7- 9 || total
-------------------------+-------+-------+-------++-------
Melee: Dagger            |    58 |   130 |   213 ||   401
       Rapier            |    15 |       |       ||    15
       Punch             |     1 |     2 |     1 ||     4
 Cast: Sandblast         |    31 |     4 |     4 ||    39
       Stone Arrow       |       |       |     1 ||     1
Evoke: Wand              |       |     5 |     1 ||     6
  Use: Potion            |     3 |       |       ||     3
       Scroll            |     1 |     7 |     3 ||    11
 Stab: Sleeping          |     2 |     2 |     1 ||     5
       Paralysed         |       |     8 |     3 ||    11
       Distracted        |       |     2 |       ||     2
Armor: Leather armour    |    30 |       |       ||    30
       Ring mail         |     6 |    44 |    73 ||   123
Dodge: Dodged            |    98 |    67 |   119 ||   284
Block: Buckler           |       |       |    32 ||    32
